 Dungeon Crawl Stone Soup version 0.25-a0-834-g55863b0 (webtiles) character file.

Game seed: 6595163622413677708, levelgen mode: deterministic

48 BlueFish the Covered (level 3, 0/33 HPs)
             Began as a Minotaur Fighter on Apr 22, 2020.
             Slain by a gnoll
             ... wielding a +0 halberd
              (9 damage)
             ... on level 2 of the Dungeon.
             The game lasted 00:01:10 (755 turns).

BlueFish the Covered (Minotaur Fighter)              Turns: 755, Time: 00:01:11

Health: 0/33       AC:  7    Str: 20    XL:     3   Next: 50%
Magic:  2/2        EV:  9    Int:  5    God:
Gold:   69         SH:  0    Dex: 10    Spells: 2/2 levels left

rFire    . . .     SeeInvis .   a - +0 long sword
rCold    . . .     Gourm    .   (no shield)
rNeg     . . .     Faith    .   b - +0 scale mail
rPois    .         Spirit   .   (helmet restricted)
rElec    .         Reflect  .   (no cloak)
rCorr    .         Harm     .   (no gloves)
MR       .....                  (no boots)
Stlth    ..........             (no amulet)
HPRegen  0.11/turn              (no ring)
MPRegen  0.08/turn              (no ring)

@: no status effects
A: retaliatory headbutt, horns 2
a: no special abilities


You were on level 2 of the Dungeon.
You were not hungry.

You visited 1 branch of the dungeon, and saw 2 of its levels.

You collected 69 gold pieces.

Inventory:

Hand Weapons
 a - a +0 long sword (weapon)
Armour
 b - a +0 scale mail (worn)
 c - a +0 kite shield
Jewellery
 h - a +4 ring of evasion {unknown}
Scrolls
 k - a scroll of amnesia {unknown}
Potions
 d - a potion of might
 e - 2 potions of curing {unknown}
 i - a potion of resistance {unknown}
 j - a potion of heal wounds {unknown}
 l - 2 potions of mutation {unknown}
 m - a potion of brilliance {unknown}
Comestibles
 f - a ration
 g - 4 chunks of flesh


   Skills:
 * Level 4.2 Fighting
 * Level 3.1 Long Blades
 * Level 4.4 Armour
 + Level 3.9 Shields


You had 2 spell levels left.
You didn't know any spells.
Your spell library was empty.

Dungeon Overview and Level Annotations

Branches:
Dungeon (2/15)

Altars:


Innate Abilities, Weirdness & Mutations

You reflexively headbutt those who attack you in melee.
You have a pair of horns on your head.


Message History

You kill the gnoll!
Your Long Blades skill increases to level 3!
The giant cockroach closely misses you.
You riposte.
You hit the giant cockroach but do no damage.
The gnoll hits you from afar with a +0 halberd!
The giant cockroach barely misses you. The gnoll misses you.
You riposte.
You slash the gnoll!
The gnoll is almost dead.
Things that are here:
a +0 spear; a gnoll corpse You barely miss the gnoll.
The gnoll is almost dead.
The giant cockroach bites you.
* * * LOW HITPOINT WARNING * * *
The rat bites you but does no damage. The giant cockroach barely misses you.
You riposte.
You closely miss the giant cockroach. You headbutt the giant cockroach.
The giant cockroach is heavily wounded.
The gnoll hits you with a +0 halberd!
You die...

#..# ##..# #...#
#...##### ########
#....#..# # .......#
#.......##.# .......#
#..........##
.......#####.#.rs......#
..........##..##@#.#...
..........#...##g.......
............#.#....#....
...........##......# ..
...................#
..........###......#
....###...# ........
.#..# #####..####..#.
##...#


You could see a gnoll, a giant cockroach and a rat.

Vanquished Creatures
  2 gnolls (D:2)
  An ooze (D:1)
  A dart slug (D:2)
  A ball python (D:1)
  2 giant cockroaches (D:1)
  4 hobgoblins
  3 bats (D:1)
  A frilled lizard (D:1)
  2 goblins
  6 rats
23 creatures vanquished.

Notes
Turn   | Place    | Note
-------+----------+-------------------------------------------
     0 | D:1      | BlueFish the Minotaur Fighter began the quest for the Orb.
     0 | D:1      | Reached XP level 1. HP: 19/19 MP: 0/0
   159 | D:1      | Reached XP level 2. HP: 21/27 MP: 1/1
   750 | D:2      | Reached XP level 3. HP: 25/33 MP: 2/2
   755 | D:2      | Slain by a gnoll

Levels and vault maps discovered:
D:1:      saegor_arrival_simple_b, layout_loops_ring
D:2:      layout_rooms, minitemple, first_ration,
          chequers_ecumenical_altar_simple_redux, palyth_stone_intersect,
          hangedman_decor_growths

Skill      XL: |  1  2  3 |
---------------+----------+-----
Armour         | 4 |  4.4
Fighting       | 4 |  4.2
Long Blades    | 3 |  3.1
Shields        | |  3.9

Action                   || total
-------------------------++-------
Melee: Long sword        ||    46
       Headbutt          ||    12
  Use: Scroll            ||     1
Armor: Scale mail        ||    32
Dodge: Dodged            ||    34
       Rpst.: Long sword ||    11

Table legend:
 A = Non-vault XP
 B = Vault XP
 C = Vault XP percentage of total XP
 D = Non-vault monster count
 E = Vault monster count
 F = Vault count percentage of total count
                 A         B        C        D         E       F
            +---------+---------+-------+---------+---------+-------
      Total |      69 |       0 |   0.0 |      23 |       0 |   0.0
            +---------+---------+-------+---------+---------+-------
        D:1 |      31 |       0 |   0.0 |      17 |       0 |   0.0
        D:2 |      38 |       0 |   0.0 |       6 |       0 |   0.0
            +---------+---------+-------+---------+---------+-------
